AoeStats
← Effect

Migration

507512440Analyzed
1v1 RM · 14d ago on Sep 18, 2026· 28m 24s· 2 players
Game mode
Random Map
Map size
132×132
Population
200
Speed
Normal
Resources
Standard
Victory
Conquest
Starting age
Dark Age
Ending age
Imperial Age
RankedLock teamsTeams togetherTeam positionsShared explorationLock speedFull tech treeHidden civsTurbo modeCheats
Victory
Defeat
🇩🇪 Vikings · Germany
1103
+13
🇨🇳 Wu · China
1033
-13
Effect
10:29 Feudal Age
11:54 Double-Bit Axe
17:22 Castle Age
15:12 Loom
17:00 Stone Mining
18:12 Demolition Ship
21:14 Bow Saw
22:05 Medium Warships
22:45 Fletching
MRKijantscho
0:33 Loom
13:53 Feudal Age
14:30 Double-Bit Axe
14:55 Gold Mining
19:44 Castle Age
17:56 Stone Mining
18:51 Fletching
23:18 Bow Saw
22:51 Horse Collar
26:57 Imperial Age
25:51 Crossbowman
26:30 Bodkin Arrow
26:35 Padded Archer Armor
26:02 Elite Skirmisher
Connection lost

Rejoining the realm…

Still unreachable

The connection could not be restored.

Session expired

The server has moved on; the page needs a fresh start.